 Dungeon Crawl Stone Soup version 0.22.1-2-g9c5b331383 (webtiles) character file.

20685 Marnok the Brawler (level 12, 0/95 HPs)
             Began as a Minotaur Berserker on Nov 22, 2018.
             Was a High Priest of Trog.
             Killed from afar by a deep elf mage (34 damage)
             ... with a bolt of lightning
             ... on level 2 of the Orcish Mines.
             The game lasted 01:39:43 (11718 turns).

Marnok the Brawler (Minotaur Berserker)            Turns: 11718, Time: 01:39:44

Health: 0/95       AC: 32    Str: 27    XL:     12   Next: 47%
Magic:  11/11      EV: 19    Int:  4    God:    Trog [*****.]
Gold:   1031       SH: 20    Dex: 10    Spells: 11/11 levels left

rFire    + . .     SeeInvis .     - Unarmed
rCold    + . .     Gourm    .   p - +0 large shield
rNeg     . . .     Faith    .   a - +9 scales of the Dragon King {rPois rF+ rC+ MR+}
rPois    +         Spirit   .   (helmet restricted)
rElec    .         Reflect  .   e - +0 cloak
rCorr    .         Harm     .   c - +2 pair of gloves
MR       +....                  B - +0 pair of boots
Stlth    ..........             l - amulet of the acrobat
HPRegen  0.25/turn              j - ring of poison resistance
MPRegen  0.12/turn              P - ring of wizardry

@: no status effects
A: retaliatory headbutt, horns 2
a: Berserk, Trog's Hand, Brothers in Arms, Renounce Religion


You were on level 2 of the Orcish Mines.
You worshipped Trog.
Trog was extremely pleased with you.
You were not hungry.

You visited 3 branches of the dungeon, and saw 16 of its levels.

You collected 1291 gold pieces.
You spent 260 gold pieces at shops.

Inventory:

Hand Weapons
 d - a +4 spear of piercing
 k - a +1 falchion of protection
 r - a +0 broad axe of freezing
 u - a +1 mace of holy wrath
 T - the cursed +1 short sword "Zekel" {antimagic, rElec rF+ MR+ Dex+3 Stlth-}
   (You found it on level 8 of the Dungeon)

   It reduces the magical energy of the wielder, and disrupts the spells and
   magical abilities of those hit.
   Natural abilities and divine invocations are not affected.
   It affects your dexterity (+3).
   It protects you from fire.
   It insulates you from electricity.
   It affects your resistance to hostile enchantments.
   It makes you less stealthy.
   It has a curse placed upon it.
 V - a +2 war axe of chopping
Missiles
 o - 156 bolts
 W - 5 poisoned javelins (quivered)
Armour
 a - the +9 scales of the Dragon King (worn) {rPois rF+ rC+ MR+}
   (You found it on level 12 of the Dungeon)

   It protects you from fire.
   It protects you from cold.
   It protects you from poison.
   It affects your resistance to hostile enchantments.
 c - a +2 pair of gloves (worn)
 e - a +0 cloak (worn)
 p - a +0 large shield (worn)
 t - a +1 troll leather armour
 B - a +0 pair of boots (worn)
 S - a +2 plate armour
Magical Staves
 E - an uncursed staff of conjuration
 I - an uncursed staff of fire {unknown}
Jewellery
 j - a ring of poison resistance (left hand)
 l - an amulet of the acrobat (around neck)
 s - an uncursed amulet of faith {unknown}
 D - a +2 ring of intelligence
 P - a ring of wizardry (right hand)
 R - a +3 ring of dexterity {unknown}
Wands
 F - a wand of flame (15)
 G - a wand of enslavement (11)
 H - a wand of random effects (40)
 O - a wand of clouds (5)
 Q - a wand of iceblast (15)
 Y - a wand of acid (6)
 Z - a wand of paralysis (17)
Scrolls
 g - 4 scrolls of immolation
 m - a scroll of fear
 n - a scroll of teleportation
 v - a scroll of identify
 w - 8 scrolls of remove curse
 y - 3 scrolls of magic mapping
 K - a scroll of random uselessness
Potions
 i - a potion of cancellation
 A - a potion of resistance
 C - a potion of flight {unknown}
 J - 2 potions of curing
Miscellaneous
 L - a sack of spiders
Comestibles
 b - 15 rations


   Skills:
 + Level 5.9 Fighting
 + Level 1.5 Maces & Flails
 + Level 10.1 Armour
 + Level 4.3 Dodging
 + Level 1.1 Stealth
 + Level 13.6 Shields
 + Level 15.0 Unarmed Combat


You had 11 spell levels left.
You didn't know any spells.
Your spell library contained the following spells:

 Spells                   Type           Power        Failure   Level  Hunger
 Magic Dart               Conj           #...         100%        1    ##.....
 Blink                    Tloc           N/A          100%        2    ###....
 Call Imp                 Summ           #.......     100%        2    ###....
 Slow                     Hex            #.......     100%        2    ###....
 Conjure Flame            Conj/Fire      #.......     100%        3    ####...
 Mephitic Cloud           Conj/Pois/Air  #.......     100%        3    ####...
 Bolt of Magma            Conj/Fire/Erth #.........   100%        5    ######.
 Iskenderun's Battlesphe  Conj/Chrm      #.......     100%        5    ######.
 Venom Bolt               Conj/Pois      #.........   100%        5    ######.
 Iron Shot                Conj/Erth      #.........   100%        6    #######
 Orb of Destruction       Conj           #.........   100%        7    #######
 Spellforged Servitor     Conj/Summ      #.........   100%        7    #######


Dungeon Overview and Level Annotations

Branches:
Dungeon (13/15)            Temple (0/1) D:7            Lair (0/6) D:8
    Orc (2/2) D:12            Elf (1/3) Orc:2
 Vaults: D:13-14

Altars:
Hepliaklqana
Nemelex Xobeh
Sif Muna
Trog
Vehumet
Xom
The Shining One

Shops:
D:5 }   D:7 =!*=(   D:11 (


Innate Abilities, Weirdness & Mutations

You reflexively headbutt those who attack you in melee.
You have a pair of horns on your head.


Message History

The deep elf mage hits you but does no damage.
You closely miss the orc wizard. You headbutt the orc wizard.
The orc wizard is moderately wounded.
You block the orc wizard's attack.
Your shield prevents you from hitting the orc wizard.
The orc wizard is moderately wounded.
You block the deep elf mage's attack.
The deep elf mage points at you and mumbles some strange words.
The bolt of lightning hits you!
The orc wizard hits you but does no damage.
The deep elf mage mumbles some strange words.
You block the deep elf mage's attack. The fire elemental hits you.
The fire elemental burns you! You resist. You block the deep elf mage's attack.
The fire elemental closely misses you.
The deep elf mage hits you but does no damage.
There is a stone staircase leading up here.
You block the fire elemental's attack. The deep elf mage casts a spell at you.
The bolt of lightning hits you!
You die...

. #......#......[...# ..
#............#...#
.....##.#........##...#
.............#......$..#
........#....)..........#
..........................
........#..................
........#..................
.........[..o@.........
..........e$.E........#
...........e§........#
......)...<§.........
.........).........#.
.....................
.#...................
.....................
...........#......##


You could see 2 deep elf magi, a fire elemental and an orc wizard.

Vanquished Creatures
  2 hydras (D:12)
  A centaur warrior (D:12)
  2 two-headed ogres
  An orc high priest (Orc:2)
  2 deep elf magi
  3 ugly things
  An orc knight (Orc:1)
  An orc sorcerer (Orc:1)
  A cyclops (D:12)
  2 gargoyles (D:12)
  A hornet (D:12)
  6 trolls
  3 hippogriffs
  A slime creature (D:12)
  A centaur simulacrum (D:12)
  A spriggan (D:9)
  A shadow (D:13)
  A tarantella (shapeshifter) (D:12)
  2 wyverns
  A yak (D:8)
  A hungry ghost (D:10)
  3 basilisks
  3 wargs
  A soldier ant (D:12)
  A water moccasin (D:6)
  2 ice beasts
  23 orc warriors
  A black bear (D:3)
  A hornet zombie (D:5)
  2 necrophages
  A sky beast (D:6)
  10 ogres
  An eye of draining (D:10)
  3 phantoms
  8 centaurs
  2 crocodiles
  A big kobold (D:11)
  2 bullfrogs
  A wyvern skeleton (D:11)
  4 scorpions
  3 killer bees (D:7)
  4 crimson imps
  4 howler monkeys
  2 bullfrog zombies (D:6)
  23 orc priests
  2 jellies
  A gnoll shaman (D:8)
  2 centaur skeletons
  5 bullfrog skeletons
  3 iguanas
  29 orc wizards
  Natasha (thrice) (D:2)
  5 worker ants
  A bullfrog simulacrum (D:12)
  2 hound skeletons (D:6)
  12 gnolls
  13 adders
  2 shadow imps
  2 oozes (D:6)
  An adder skeleton (D:4)
  2 worms
  A dart slug (D:4)
  5 leopard geckos
  56 orcs
  4 giant cockroaches
  5 goblins
  2 hobgoblins
  9 jackals
  12 kobolds
  4 quokkas
  3 bats
  2 frilled lizards
  A leopard gecko skeleton (D:8)
  5 rats
335 creatures vanquished.

Vanquished Creatures (collateral kills)
  2 orc sorcerers (Orc:2)
2 creatures vanquished.

Vanquished Creatures (others)
  An unseen horror (D:12)
  An orc wizard (Orc:2)
  An orc (Orc:1)
3 creatures vanquished.

Grand Total: 340 creatures vanquished

Notes
Turn   | Place    | Note
-------+----------+-------------------------------------------
     0 | D:1      | Marnok the Minotaur Berserker began the quest for the Orb.
     0 | D:1      | Reached XP level 1. HP: 19/19 MP: 0/0
   383 | D:2      | Reached XP level 2. HP: 14/27 MP: 1/1
   704 | D:2      | Noticed Natasha
   714 | D:2      | Killed Natasha
   714 | D:2      | Reached skill level 4 in Unarmed Combat
   714 | D:2      | Reached XP level 3. HP: 30/33 MP: 2/2
   853 | D:2      | Noticed Natasha
   861 | D:2      | Killed Natasha
   903 | D:2      | Noticed Natasha
   909 | D:2      | Killed Natasha
   909 | D:2      | Reached XP level 4. HP: 14/40 MP: 3/3
  1283 | D:2      | Reached skill level 1 in Shields
  1875 | D:3      | Reached XP level 5. HP: 47/47 MP: 4/4
  1925 | D:3      | Reached ** piety under Trog
  1925 | D:3      | Reached skill level 5 in Unarmed Combat
  2077 | D:3      | Reached XP level 6. HP: 36/53 MP: 5/5
  2544 | D:5      | Entered Level 5 of the Dungeon
  2643 | D:5      | Reached skill level 6 in Unarmed Combat
  2751 | D:3      | Reached XP level 7. HP: 53/60 MP: 6/6
  3060 | D:5      | Reached skill level 7 in Unarmed Combat
  3229 | D:5      | Reached *** piety under Trog
  3229 | D:5      | Reached skill level 5 in Shields
  3337 | D:5      | Reached XP level 8. HP: 54/67 MP: 7/7
  3605 | D:5      | Found Cuton's Gadget Boutique.
  3620 | D:5      | Bought a sack of spiders for 200 gold pieces
  3642 | D:5      | Reached skill level 8 in Unarmed Combat
  4149 | D:7      | Reached skill level 5 in Armour
  4233 | D:8      | Noticed an elephant
  4234 | D:8      | Found a staircase to the Lair.
  4704 | D:7      | Found Lacryaro's Jewellery Shoppe.
  5014 | D:6      | Reached XP level 9. HP: 58/73 MP: 8/8
  5049 | D:6      | Reached skill level 9 in Unarmed Combat
  5175 | D:6      | Reached **** piety under Trog
  5303 | D:6      | Reached skill level 5 in Fighting
  5581 | D:7      | Found a staircase to the Ecumenical Temple.
  5642 | D:7      | Found Huudghogo's General Store.
  5649 | D:7      | Found Isakedug's Distillery.
  5659 | D:7      | Bought a potion of curing for 30 gold pieces
  5659 | D:7      | Bought a potion of curing for 30 gold pieces
  5679 | D:7      | Found Meegaiveyll's Jewellery Shoppe.
  5679 | D:7      | Found Tisotso's Weapon Emporium.
  5897 | D:8      | Reached skill level 10 in Unarmed Combat
  6095 | D:8      | Found a hazy altar of Hepliaklqana.
  6128 | D:8      | Got a faintly glowing short sword
  6498 | D:9      | Identified the cursed +1 short sword "Zekel" {antimagic,
                  | rElec rF+ MR+ Dex+3 Stlth-} (You found it on level 8 of the
                  | Dungeon)
  6522 | D:9      | Found a bloodstained altar of Trog.
  6527 | D:9      | Found a hazy altar of Hepliaklqana.
  6578 | D:10     | Entered Level 10 of the Dungeon
  6643 | D:9      | Reached skill level 11 in Unarmed Combat
  6663 | D:9      | Reached XP level 10. HP: 79/81 MP: 9/9
  6865 | D:10     | Found a deep blue altar of Sif Muna.
  6989 | D:9      | Noticed a two-headed ogre
  6996 | D:9      | Killed a two-headed ogre
  6996 | D:9      | Reached skill level 1 in Stealth
  7007 | D:9      | Found a glowing golden altar of the Shining One.
  7221 | D:9      | Received a gift from Trog
  7589 | D:10     | Reached skill level 12 in Unarmed Combat
  7916 | D:10     | Reached skill level 1 in Maces & Flails
  7920 | D:10     | Reached ***** piety under Trog
  8025 | D:11     | Found Vumpa's Antique Weapon Shop.
  8039 | D:11     | Found a shimmering altar of Xom.
  8191 | D:11     | Reached skill level 10 in Shields
  8274 | D:11     | Noticed a brown ugly thing
  8284 | D:11     | Killed a brown ugly thing
  8648 | D:12     | Found the +9 scales of the Dragon King {rPois rF+ rC+ MR+}
  8693 | D:13     | Noticed a five-headed hydra
  8711 | D:12     | Killed a five-headed hydra
  8711 | D:12     | Reached XP level 11. HP: 43/88 MP: 10/10
  8729 | D:12     | Killed an unseen horror
  8735 | D:12     | HP: 3/88 [cyclops/large rock (4)]
  8738 | D:12     | Noticed a centaur warrior
  9199 | D:12     | Found a sparkling altar of Nemelex Xobeh.
  9206 | D:12     | Found a radiant altar of Vehumet.
  9238 | D:12     | Killed a centaur warrior
  9238 | D:12     | Reached skill level 13 in Unarmed Combat
  9243 | D:12     | Received a gift from Trog
  9271 | D:12     | Noticed a brown ugly thing
  9292 | D:12     | Noticed a green ugly thing
  9293 | D:12     | Killed a brown ugly thing
  9310 | D:12     | Killed a green ugly thing
  9472 | D:12     | Noticed a seven-headed hydra
  9483 | D:12     | Killed a seven-headed hydra
 10090 | D:12     | Reached skill level 14 in Unarmed Combat
 10124 | D:12     | Found a staircase to the Orcish Mines.
 10134 | Orc:1    | Entered Level 1 of the Orcish Mines
 10234 | Orc:1    | Noticed an orc knight
 10248 | Orc:1    | Killed an orc knight
 10248 | Orc:1    | Reached XP level 12. HP: 95/95 MP: 11/11
 10376 | Orc:1    | Received a gift from Trog
 10589 | Orc:2    | Entered Level 2 of the Orcish Mines
 10665 | Orc:2    | Noticed an orc high priest
 10668 | Orc:2    | Killed an orc high priest
 10683 | Orc:1    | Noticed a two-headed ogre
 10694 | Orc:1    | Killed a two-headed ogre
 10694 | Orc:1    | Reached skill level 10 in Armour
 11283 | Orc:2    | Found a staircase to the Elven Halls.
 11308 | Elf:1    | Entered Level 1 of the Elven Halls
 11546 | Orc:1    | Reached skill level 15 in Unarmed Combat
 11718 | Orc:2    | Killed from afar by a deep elf mage

Skill      XL: |  1  2  3  4  5  6  7  8  9 10 11 12 |
---------------+-------------------------------------+-----
Fighting       | 4 5 |  5.9
Unarmed Combat | 4 5 6 7 8 11 12 14 15 | 15.0
Armour         | 3 4 6 7 9 10 | 10.1
Dodging        | 3 4 |  4.3
Shields        | 2 3 5 7 8 10 12 13 | 13.6
Stealth        | 1 |  1.1
Maces & Flails | 1 |  1.5

Action                   |  1- 3 |  4- 6 |  7- 9 | 10-12 || total
-------------------------+-------+-------+-------+-------++-------
Melee: Unarmed           |    51 |   204 |   394 |   685 ||  1334
       Headbutt          |     7 |    34 |    58 |   160 ||   259
       Mace              |       |       |       |    26 ||    26
Invok: Berserk           |       |       |     1 |     3 ||     4
       Brothers in Arms  |       |       |       |     1 ||     1
  Use: Scroll            |       |     3 |    17 |    11 ||    31
       Potion            |       |     3 |     2 |     5 ||    10
  Eat: Chunk             |       |     3 |     2 |       ||     5
       Ration            |       |     1 |     4 |     6 ||    11
Armor: Animal skin       |     9 |       |       |       ||     9
       Chain mail        |       |    64 |    64 |       ||   128
       Plate armour      |       |       |    51 |    61 ||   112
       Gold dragon scale |       |       |       |   235 ||   235
Dodge: Dodged            |    14 |    23 |    56 |   107 ||   200
Block: Large shield      |    12 |   137 |   298 |   574 ||  1021
